Description

Immortal All-In

VOD

https://www.youtube.com/watch?v=P4ElwON81h8

Build Order

Get SALT Encoding   

  14  0:22  Pylon  
  16  0:42  Nexus (Chrono Boost), Gateway  
  17  0:52  Assimilator  
  18  0:58  Assimilator  5 probes on Gas + send probe on map
  21  1:28  Cybernetics Core  now 6 on Gas
  21  1:40  Pylon  on enemy side
  25  2:06  Robotics Facility x2  on enemy side + Adept at home (chrono)
  25  2:15  Warp Gate  
  25  2:18  Pylon  
  27  2:54  Immortal (Chrono Boost)  
  29  2:55  Warp Prism  
  37  3:27  Immortal (Chrono Boost), Pylon  
  37  3:38  Action  build Immortals + Stalker
Spawning Tool Build Advisor. Get it on Overwolf

Go to:

Details

  • Created by: Enrico
  • Published on: Nov 09, 2025
  • Modified on: Nov 09, 2025
  • Patch: 5.0.11
  • Difficulty: Easy
Show
View Real Time Build Order
Export as new Build Order

Comments (0)

There are no comments. Be the first!

Create an account to comment!